 Dungeon Crawl Stone Soup version 0.13-a0-1553-g7307ddf (webtiles) character file.

389 Kae the Changer (level 6, 0/43 HPs)
             Began as a Demonspawn Transmuter on June 10, 2013.
             Slain by a giant frog skeleton (5 damage)
             ... on Level 4 of the Dungeon.
             The game lasted 00:21:01 (5881 turns).

Kae the Changer (Demonspawn Transmuter)             Turns: 5881, Time: 00:21:01

HP   0/43        AC  3     Str 10      XL: 6   Next:  2%
MP  11/11        EV 12     Int 16      God:
Gold 118         SH  0     Dex 14      Spells:  3 memorised,  5 levels left

Res.Fire  : . . .   See Invis. : .   a - -1,+1 orc dagger
Res.Cold  : + . .   Warding    : .   c - +0 robe
Life Prot.: . . .   Conserve   : .   (no shield)
Res.Poison: .       Res.Corr.  : .   (helmet restricted)
Res.Elec. : .       Clarity    : .   (no cloak)
Sust.Abil.: . .     Spirit.Shd : .   (no gloves)
Res.Mut.  : .       Stasis     : .   (no boots)
Res.Rott. : .       Flight     : .   (no amulet)
Saprovore : . . .                    (no ring)
                                     (no ring)

@: slightly resistant to hostile enchantments, unstealthy
A: antennae 2, cold resistance 1, conserve potions, AC +1
a: no special abilities


You were on level 4 of the Dungeon.
You were starving.

You visited 1 branch of the dungeon, and saw 4 of its levels.

You collected 98 gold pieces.

Inventory:

Hand weapons
 a - a -1,+1 orcish dagger (weapon)
 b - a +0,+0 dagger
 f - a +2,+1 dagger
 m - a +0,+0 elven dagger
Missiles
 s - a dart (quivered)
Armour
 c - a +0 robe (worn)
Scrolls
 h - a scroll of remove curse {unknown}
 j - a scroll of teleportation {unknown}
 k - a scroll of enchant weapon II {unknown}
 n - 5 scrolls of identify {unknown}
 o - a scroll of noise {unknown}
 p - a scroll of curse armour {unknown}
 q - a scroll of amnesia {unknown}
 w - a scroll of fear {unknown}
Jewellery
 i - a +4 ring of intelligence {unknown}
 u - an uncursed amulet of rage {unknown}
Potions
 g - a potion of brilliance {unknown}
 l - a potion of slowing {unknown}
 t - 2 potions of paralysis
 v - 3 potions of curing {unknown}
Books
 d - a book of Changes

   Spells                             Type                      Level
   *Beastly Appendage                 Transmutation                1
   *Sticks to Snakes                  Transmutation                2
   *Spider Form                       Transmutation/Poison         3
   Ice Form                           Ice/Transmutation            4
   Blade Hands                        Transmutation                5


   Skills:
 - Level 1.1 Fighting
 - Level 2.2 Dodging
 - Level 3.1 Unarmed Combat
 + Level 3.3 Spellcasting
 * Level 3.9 Transmutations
 + Level 2.0 Poison Magic


You had 5 spell levels left.
You knew the following spells:

 Your Spells              Type           Power        Failure   Level  Hunger
a - Beastly Appendage     Trmt           ###...       4%          1    None
b - Sticks to Snakes      Trmt           ###.......   8%          2    ##.....
c - Spider Form           Trmt/Pois      ##........   17%         3    ###....


Dungeon Overview and Level Annotations

Branches:
Dungeon (4/27)
 Temple: D:4-7

Altars:


Innate Abilities, Weirdness & Mutations

You have a pair of antennae on your head.*
You are partially covered in icy blue scales (AC +1).*
Your flesh is cold resistant.*
You are very good at protecting items from cold.


Message History

The goblin barely misses you.
The giant newt bites you but does no damage.
The giant frog skeleton closely misses you.
You hit the giant newt but do no damage.
The giant newt bites you but does no damage.
The goblin barely misses you. The giant frog skeleton hits you.
* * * LOW HITPOINT WARNING * * *
You miss the giant newt. The giant newt closely misses you.
The giant frog skeleton hits you.
* * * LOW HITPOINT WARNING * * *
The goblin hits you with a club.
* * * LOW HITPOINT WARNING * * *
Casting: Sticks to Snakes
Confirm with . or Enter, or press ? or * to list all spells.
You don't have the energy to cast that spell.
Unknown command.
You hit the giant newt.
You kill the giant newt!
The giant frog skeleton hits you.
You die...

#######. .......
...... #.... ♣# #
#...♣♣..♣
#.#...♣P.♣♣
####.#..%♣PP.♣
........@♣P.P♣
.=.....gz♣P..♣
...........♣♣♣...
........<.........
.................
##..............
#..............
#.<....#######
#......#


You could see a goblin and a giant frog skeleton.

Vanquished Creatures
  Sigmund (D:2)
  Jessica (D:2)
  Terence (D:2)
  2 gnolls
  A worm (D:3)
  2 giant geckos
  4 oozes
  An orc (D:3)
  2 ball pythons
  10 bats
  7 hobgoblins
  15 jackals
  4 giant cockroaches
  4 giant newts
  10 goblins
  6 kobolds
  A quokka (D:2)
  6 rats
78 creatures vanquished.

Vanquished Creatures (collateral kills)
  A scorpion (D:3)
  3 adders (D:2)
  2 gnolls (D:2)
  A giant gecko (D:1)
  An ooze (D:1)
  An orc (D:3)
  A giant cockroach (D:2)
  3 goblins
  4 hobgoblins
  3 jackals
  2 bats (D:2)
  2 giant newts
  3 kobolds
  A rat (D:1)
28 creatures vanquished.

Vanquished Creatures (others)
  A hobgoblin (D:1)
  2 giant newts (D:1)
3 creatures vanquished.

Grand Total: 109 creatures vanquished

Notes
Turn   | Place    | Note
--------------------------------------------------------------
     0 | D:1      | Kae, the Demonspawn Transmuter, began the quest for the Orb.
     0 | D:1      | Reached XP level 1. HP: 15/15 MP: 1/1
    16 | D:1      | Reached skill level 3 in Unarmed Combat
   340 | D:1      | Lost mutation: You have a pair of horns on your head. [demonic ancestry]
   340 | D:1      | Lost mutation: You have a pair of small horns on your head. [demonic ancestry]
   340 | D:1      | Gained mutation: You have a pair of small antennae on your head. [demonic ancestry]
   340 | D:1      | Reached XP level 2. HP: 5/21 MP: 0/3
   785 | D:1      | Learned a level 2 spell: Sticks to Snakes
  1680 | D:1      | Gained mutation: You are partially covered in icy blue scales (AC +1). [demonic ancestry]
  1680 | D:1      | Reached XP level 3. HP: 23/26 MP: 1/4
  1730 | D:1      | Learned a level 3 spell: Spider Form
  2965 | D:2      | Noticed Terence
  3117 | D:2      | Gained mutation: You have a pair of antennae on your head. [demonic ancestry]
  3117 | D:2      | Reached XP level 4. HP: 32/32 MP: 3/6
  3676 | D:2      | Noticed Sigmund
  4060 | D:2      | Reached skill level 1 in Poison Magic
  4289 | D:2      | Noticed Jessica
  4299 | D:2      | Killed Jessica
  4299 | D:2      | Gained mutation: Your flesh is cold resistant. [demonic ancestry]
  4299 | D:2      | Reached XP level 5. HP: 21/37 MP: 4/8
  4656 | D:2      | Killed Terence
  4988 | D:2      | Paralysed by a potion of paralysis for 4 turns
  5004 | D:2      | Killed Sigmund
  5659 | D:3      | Gained mutation: You are very good at protecting items from cold. [demonic ancestry]
  5659 | D:3      | Reached XP level 6. HP: 16/43 MP: 9/11
  5881 | D:4      | Slain by a giant frog skeleton

Action                   |  1- 3 |  4- 6 || total
-------------------------+-------+-------++-------
Melee: Unarmed           |    73 |    47 ||   120
       Dagger            |   124 |   128 ||   252
       Club              |       |    34 ||    34
Throw: Dagger            |       |     5 ||     5
       Dart              |       |     2 ||     2
 Cast: Beastly Appendage |     8 |     1 ||     9
       Sticks to Snakes  |    34 |    29 ||    63
       Spider Form       |       |     5 ||     5
 Abil: End Transformatio |       |     1 ||     1
  Use: Potion            |       |     1 ||     1
 Stab: Sleeping          |       |     1 ||     1
